 Dungeon Crawl Stone Soup version 0.27-a0-1202-ge72e49191c (webtiles) character file.

Game seed: 10569186118592685290

7526 robertstho the Carver (level 10, -18/139 HPs)
             Began as a Grey Draconian Berserker on June 4, 2021.
             Was a High Priest of Trog.
             Demolished by an orc knight
             ... wielding a +0 halberd
              (31 damage)
             ... in a bailey.
             The game lasted 00:14:04 (10349 turns).

robertstho the Carver (Grey Draconian Berserker)   Turns: 10349, Time: 00:14:04

Health: -18/139    AC: 13    Str: 22    XL:     10   Next: 95%
Magic:  10/10      EV: 17    Int:  8    God:    Trog [*****.]
Gold:   585        SH:  0    Dex: 17    Spells: 9/9 levels left

rFire    . . .     SeeInvis +   G - +4 great sword
rCold    . . .     Faith    .   (shield currently unavailable)
rNeg     + . .     Spirit   .   (armour unavailable)
rPois    .         Reflect  .   (helmet restricted)
rElec    .         Harm     .   (no cloak)
rCorr    .         Rampage  .   (no gloves)
Will     +++..     Clarity  +   e - +0 pair of boots
Stlth    ..........             m - amulet of the Four Winds {rN+ Will+++ Clar}
HPRegen  0.33/turn              g - +6 ring of dexterity
MPRegen  0.12/turn              v - ring of see invisible

@: berserking, very quick
A: AC +12, amphibious, unfitting armour, cold-blooded
a: Renounce Religion, Berserk, Trog's Hand, Brothers in Arms


You were in a bailey.
You worshipped Trog.
Trog was extremely pleased with you.
You visited 1 branch of the dungeon, and saw 10 of its levels.
You also visited: Ossuary and Bailey.

You collected 585 gold pieces.

Inventory:

Hand Weapons
 a - a +0 falchion
 w - a +0 long sword
 F - a +3 scimitar of freezing
 G - a +4 great sword (weapon)
Missiles
 y - a throwing net
Armour
 e - a +0 pair of boots (worn)
Jewellery
 g - a +6 ring of dexterity (left hand)
 m - the amulet of the Four Winds (around neck) {rN+ Will+++ Clar}
   (You found it on level 7 of the Dungeon)

   [amulet of nothing]

   It protects you from negative energy.
   It protects you against confusion.
   It greatly increases your willpower.
 n - a ring of protection from cold
 v - a ring of see invisible (right hand)
 D - a ring of resist corrosion
 E - an amulet of regeneration
Wands
 p - a wand of digging (3)
 A - a wand of paralysis (7)
 H - a wand of flame (13)
Scrolls
 b - 2 scrolls of fog
 h - 3 scrolls of fear
 i - a scroll of immolation
 j - 6 scrolls of teleportation
 o - 3 scrolls of blinking
 q - a scroll of enchant weapon
 r - 2 scrolls of magic mapping
 x - a scroll of holy word
 C - a scroll of identify
Potions
 c - 5 potions of heal wounds {unknown}
 d - 10 potions of curing {unknown}
 f - 2 potions of degeneration {unknown}
 k - 5 potions of invisibility {unknown}
 l - 3 potions of resistance {unknown}
 s - 2 potions of experience {unknown}
 t - 2 potions of lignification {unknown}
 u - a potion of attraction {unknown}
 z - 3 potions of might {unknown}
 B - 3 potions of flight
 I - a potion of berserk rage {unknown}
 J - 2 potions of haste


   Skills:
 * Level 10.2 Fighting
 + Level 10.8 Long Blades
 * Level 8.9 Dodging
 + Level 3.8 Stealth


You had 9 spell levels left.
You didn't know any spells.
Your spell library was empty.

Dungeon Overview and Level Annotations

Branches:
Dungeon (10/15)            Temple (0/1) D:4            Lair (0/6) D:10
Ossuary (visited)          Bailey (1/1)
    Orc: D:9-12

Altars:
Ashenzari
Hepliaklqana
Makhleb
Qazlal
Vehumet
Yredelemnul
Zin

Annotations:
D:8 1 runed translucent door


Innate Abilities, Weirdness & Mutations

Your dull iron-grey scales are very hard. (AC +12)
You are amphibious.
You cannot fit into any form of body armour.
You are cold-blooded and may be slowed by cold attacks.


Message History

Your troll bites the orc knight.
Your troll barely misses the orc knight.
Your troll closely misses the orc knight.
An orc knight comes into view. It is wielding a +0 halberd.
The orc hits you but does no damage. The orc knight completely misses you.
The orc knight hits you with a +0 halberd.
The orc hits you but does no damage. The orc barely misses you.
You hit the orc knight.
The orc knight is severely wounded.
Your troll bites the orc knight but does no damage.
Your troll claws the orc knight. x2; The orc barely misses you.
The orc warrior barely misses you.
The orc knight roars a battlecry!
The orc knight goes into a battle-frenzy!
The orc closely misses you.
Your troll bites the orc knight but does no damage.
Your troll claws the orc knight.
Your troll barely misses the orc knight.
You closely miss the orc knight.
Your tail-slap misses the orc knight.
The orc knight is almost dead.
The orc knight barely misses you.
The orc knight hits you from afar with a +0 halberd!!!
* * * LOW HITPOINT WARNING * * *
The orc misses you. The orc closely misses you.
The orc warrior closely misses you. The orc completely misses you.
Your troll bites the orc knight!
The orc knight dies!
Trog accepts your kill.
Your troll bites the orc knight.
Your troll claws the orc knight!
Your troll misses the orc knight.
The orc warrior hits your troll with a +0 halberd!
Unknown command.
You completely miss the orc. You tail-slap the orc!
You kill the orc!
Trog accepts your kill.
Your troll bites the orc warrior!!
The orc warrior dies!
Trog accepts your kill.
The orc knight hits you from afar with a +0 halberd!!
You die...

####### #######
##.....#########.....###
##.......#.....#.......'.
.#.......'.....')o))...'.
.'.......'.....'))T...o'.
.#.......'.....'@)oo...'.
##.......#.....#.)o....'.
##.....#########.....###
####### #######


You could see 2 orc knights, 3 orcs and a friendly troll (summoned, berserk).

Vanquished Creatures
  Erolcha (D:10)
  A troll (D:9)
  A hornet (D:8)
  Sigmund (D:2)
  2 wraiths
  A shadow (D:9)
  2 wyverns
  2 yaks
  Menkaure (D:4)
  Edmund (D:4)
  3 water moccasins
  4 orc warriors
  2 ice beasts
  3 centaurs
  2 phantoms (D:6)
  2 bullfrogs
  2 kobold brigands (D:8)
  A wyvern zombie (D:4)
  A scorpion (D:5)
  A water moccasin zombie (D:6)
  6 killer bees
  An oklob sapling (D:4)
  10 wights
  3 bullfrog zombies
  3 jellies
  2 centaur zombies
  A bullfrog skeleton (D:6)
  3 gnoll shamans
  3 hounds
  5 orc priests
  A human zombie (D:8)
  Jessica (D:2)
  A centaur skeleton (D:6)
  5 orc wizards
  3 iguanas (D:5)
  3 mummies (Ossuary)
  A howler monkey zombie (D:8)
  13 gnolls
  4 adders
  A white imp (D:7)
  An ufetubus (D:4)
  An adder skeleton (D:4)
  3 worms
  2 dart slugs
  44 orcs
  8 endoplasms
  A giant cockroach (D:3)
  12 hobgoblins
  3 jackals (D:1)
  12 kobolds
  8 quokkas
  3 ball pythons
  4 bats
  5 frilled lizards
  A gnoll zombie (Ossuary)
  7 goblins
  3 goblin zombies (Ossuary)
  4 hobgoblin zombies (Ossuary)
  A kobold zombie (Ossuary)
  24 rats
251 creatures vanquished.

Vanquished Creatures (collateral kills)
  A two-headed ogre (D:10)
  An orc knight (Bailey)
  Maurice (D:10)
  A gargoyle (D:10)
  A komodo dragon (D:10)
  2 orc warriors (Bailey)
  An orc priest (D:10)
  An orc wizard (D:10)
  5 orcs
  3 goblins (D:10)
17 creatures vanquished.

Vanquished Creatures (others)
  12 plants (D:4)
12 creatures vanquished.

Grand Total: 280 creatures vanquished

Notes
Turn   | Place    | Note
-------+----------+-------------------------------------------
     0 | D:1      | robertstho the Draconian Berserker began the quest for the
                  | Orb.
     0 | D:1      | Reached XP level 1. HP: 19/19 MP: 1/1
   205 | D:1      | Reached XP level 2. HP: 26/26 MP: 2/2
   241 | D:1      | Found a faded altar of an unknown god.
   647 | D:1      | Reached XP level 3. HP: 33/33 MP: 3/3
   732 | D:2      | Noticed Sigmund
   741 | D:2      | Killed Sigmund
   742 | D:2      | Reached XP level 4. HP: 41/41 MP: 4/4
   742 | D:2      | Reached XP level 5. HP: 47/47 MP: 5/5
   801 | D:2      | Reached ** piety under Trog
  1305 | D:2      | Found a hazy altar of Hepliaklqana.
  1375 | D:2      | Noticed Jessica
  1378 | D:2      | Killed Jessica
  1379 | D:2      | Reached skill level 5 in Fighting
  1379 | D:2      | Reached XP level 6. HP: 55/56 MP: 6/6
  1759 | D:3      | Reached skill level 1 in Stealth
  1911 | D:3      | Reached *** piety under Trog
  2587 | D:4      | Noticed Menkaure
  2595 | D:4      | Killed Menkaure
  2596 | D:4      | Reached skill level 5 in Long Blades
  2761 | D:4      | Your scales start taking on a dull iron-grey colour.
  2761 | D:4      | Reached XP level 7. HP: 61/61 MP: 7/7
  2951 | D:4      | Found a staircase to the Ecumenical Temple.
  3165 | D:4      | Noticed Edmund
  3189 | D:4      | Killed Edmund
  3645 | D:5      | Entered Level 5 of the Dungeon
  4064 | D:5      | Found a radiant altar of Vehumet.
  4089 | D:5      | Reached skill level 5 in Dodging
  4172 | D:5      | Reached XP level 8. HP: 71/71 MP: 8/8
  4325 | D:5      | Reached **** piety under Trog
  5802 | D:6      | Reached XP level 9. HP: 79/79 MP: 9/9
  6002 | D:7      | Found the amulet of the Four Winds {rN+ Will+++ Clar}
  6002 | D:7      | Found a sand-covered staircase.
  6036 | Ossuary  | Entered an ossuary
  6693 | D:7      | Reached ***** piety under Trog
  6919 | D:7      | Found a broken altar of Ashenzari.
  7015 | D:7      | Found a stormy altar of Qazlal.
  7413 | D:8      | Found a runed translucent door.
  7417 | D:8      | Found a basalt altar of Yredelemnul.
  7507 | D:8      | Paralysed by a hornet for 3 turns
  7512 | D:8      | Paralysed by a hornet for 2 turns
  8204 | D:9      | Reached XP level 10. HP: 80/90 MP: 10/10
  9454 | D:10     | Entered Level 10 of the Dungeon
  9790 | D:10     | Found a staircase to the Lair.
  9832 | D:10     | Noticed Maurice
  9833 | D:10     | Noticed Erolcha
  9838 | D:10     | Noticed a two-headed ogre
  9841 | D:10     | Killed Maurice
  9842 | D:10     | Reached skill level 10 in Long Blades
  9844 | D:10     | Killed a two-headed ogre
  9850 | D:10     | Killed Erolcha
  9855 | D:10     | Reached skill level 10 in Fighting
  9891 | D:10     | Found a glowing silver altar of Zin.
  9892 | D:10     | Found a burning altar of Makhleb.
  9894 | D:10     | Noticed an angel
  9894 | D:10     | Noticed a balrug
  9901 | D:10     | Noticed a gargoyle
  9902 | D:10     | Killed a gargoyle
  9913 | D:10     | Found a flagged portal.
  9924 | Bailey   | Entered a bailey
 10333 | Bailey   | Noticed an orc knight
 10337 | Bailey   | Noticed an orc knight
 10344 | Bailey   | Received a gift from Trog
 10345 | Bailey   | Noticed an orc knight
 10347 | Bailey   | Killed an orc knight
 10349 | Bailey   | Demolished by an orc knight

Illustrated notes

Levels and vault maps discovered:
D:1:      giann_bridges, layout_basic, chequers_ecumenical_altar_twisty
D:2:      layout_loops_cross, basic_altar, minmay_misc_feat_chi,
          minmay_rat_hole, uniq_sigmund, uniq_jessica
D:3:      layout_loops_ring, minmay_goblin_kobold_house
D:4:      layout_basic, minmay_temple_entry_oklob,
          chequers_serial_rivers_micro_c, minmay_misc_feat_encased, uniq_edmund,
          uniq_menkaure
D:5:      layout_basic, general_overflow_altar, dk_noncrumbling_2
D:6:      layout_basic, st_stairs_4, kennysheep_generic_room_10
D:7:      layout_rooms, grunt_qazlal_clouds, amcnicky_altar_gilded,
          nicolae_ossuary_entry_ruins
D:8:      layout_gridville, dk_yredelemnul_ordeal,
          hangedman_decor_clover_reticule, minmay_diced_spiral
D:9:      layout_loops_corners
D:10:     layout_irregular_city, grunt_temple_overflow_order_and_chaos_2,
          tso_oasis_becter, lair_entry_dummy, enter_bailey_3,
          minmay_door_square, lightli_corner_chamber, uniq_maurice, uniq_erolcha
Bailey:   bailey_polearm_5, bailey

Skill      XL: |  1  2  3  4  5  6  7  8  9 10 |
---------------+-------------------------------+-----
Dodging        | 3 4 5 6 7 8 |  8.9
Fighting       | 4 5 6 7 8 10 | 10.2
Long Blades    | 4 5 6 7 9 10 | 10.8
Stealth        | 1 2 3 |  3.8

Action                   |  1- 3 |  4- 6 |  7- 9 | 10-12 || total
-------------------------+-------+-------+-------+-------++-------
Melee: Falchion          |    55 |   150 |   130 |       ||   335
       Tailslap          |     6 |    30 |    95 |    18 ||   149
       Long sword        |       |       |   212 |       ||   212
       Scimitar          |       |       |    48 |    28 ||    76
       Great sword       |       |       |       |    92 ||    92
Invok: Berserk           |     1 |     3 |    10 |     6 ||    20
       Trog's Hand       |       |       |     1 |     2 ||     3
       Brothers in Arms  |       |       |       |     3 ||     3
  Use: Scroll            |       |     4 |     4 |     7 ||    15
 Stab: Sleeping          |     1 |     7 |     1 |     1 ||    10
Armor: Skin              |    21 |    36 |   135 |    50 ||   242
Dodge: Dodged            |    40 |   112 |   299 |   167 ||   618
       Rpst.: Falchion   |    13 |    31 |    29 |       ||    73
       Long sword        |       |       |    43 |       ||    43
       Scimitar          |       |       |    17 |     6 ||    23
       Great sword       |       |       |       |    27 ||    27

Table legend: (Time is in decaauts)
 A = Elapsed time spent in this place.
 B = Non-inter-level travel time spent in this place.
 C = Inter-level travel time spent in this place.
 D = Time resting spent in this place.
 E = Time spent auto-exploring this place.
 F = Levels seen in this place.
 G = Mean time per level.
                   A        B        C        D        E       F      G
               +--------+--------+--------+--------+--------+-----+--------+
         Total |  10560 |  10168 |    392 |    646 |   7807 |  12 |  880.0 |
       Dungeon |   9642 |   9250 |    392 |    361 |   7387 |  10 |  964.2 |
       Ossuary |    478 |    478 |      0 |      0 |    374 |   1 |  478.0 |
        Bailey |    439 |    439 |      0 |    284 |     46 |   1 |  439.0 |
               +--------+--------+--------+--------+--------+-----+--------+

Top non-repeatable levels by time:
     D:9: 1498 daAuts
     D:5: 1271 daAuts
     D:6: 1120 daAuts
     D:4: 1105 daAuts
     D:8: 1043 daAuts
     D:3: 954 daAuts
     D:2: 924 daAuts
     D:7: 747 daAuts
     D:1: 738 daAuts
 Ossuary: 478 daAuts
  Bailey: 439 daAuts
    D:10: 238 daAuts
